 Dungeon Crawl Stone Soup version 0.19.1 (webtiles) character file.

41 Alarkh the Charmwright (level 3, 16/32 HPs)
             Began as a Deep Dwarf Skald on Nov 28, 2016.
             Quit the game on level 2 of the Dungeon.
             The game lasted 00:02:38 (1050 turns).

Alarkh the Charmwright (Deep Dwarf Skald)           Turns: 1050, Time: 00:02:39

Health: 16/32      AC:  6    Str: 15    XL:     3   Next: 32%
Magic:  4/6        EV: 10    Int: 13    God:
Gold:   64         SH:  0    Dex: 12    Spells: 3 memorised, 0 levels left

rFire  . . .     SeeInvis .     a - +0 hand axe
rCold  . . .     Gourm    .     p - +1 ring mail {MR+}
rNeg   . . .     Faith    .     (no shield)
rPois  .         Spirit   .     (no helmet)
rElec  .         Reflect  .     (no cloak)
rCorr  .         Harm     .     (no gloves)
MR     +....                    (no boots)
Stlth  +.........               (no amulet)
                                (no ring)
                                (no ring)

@: infused, non-regenerating
A: damage resistance, recharge devices, sense surroundings 1, slow regeneration
3
a: Device Recharging


You were on level 2 of the Dungeon.
You were not hungry.

You visited 1 branch of the dungeon, and saw 2 of its levels.

You collected 64 gold pieces.

Inventory:

Hand Weapons
 a - a +0 hand axe (weapon)
Armour
 b - a +0 leather armour
 p - a +1 ring mail of magic resistance (worn)
Wands
 d - a wand of heal wounds (4/9)
Scrolls
 g - a scroll of enchant armour {unknown}
 i - 3 scrolls of identify {unknown}
 o - a scroll of recharging {unknown}
Potions
 e - a potion of lignification {unknown}
 h - 2 potions of flight {unknown}
 j - 2 potions of magic {unknown}
 k - a potion of experience {unknown}
 l - a potion of curing {unknown}
 m - a potion of invisibility {unknown}
Books
 c - a book of Battle

   Spells                             Type                      Level
   a - Infusion                       Charms                       1
   b - Shroud of Golubria             Charms/Translocation         2
   c - Song of Slaying                Charms                       2
   d - Spectral Weapon                Hexes/Charms                 3
   e - Regeneration                   Charms/Necromancy            3
Comestibles
 f - a bread ration
 n - 7 chunks of flesh


   Skills:
 + Level 2.0 Fighting
 + Level 2.9 Axes
 + Level 1.4 Armour
 + Level 1.1 Dodging
 + Level 2.2 Spellcasting
 + Level 2.9 Charms


You couldn't memorise any spells.
You knew the following spells:

 Your Spells              Type           Power        Failure   Level  Hunger
a - Infusion              Chrm           #...         14%         1    ##.....
c - Spectral Weapon       Hex/Chrm       #.......     78%         3    ####...
e - Shroud of Golubria    Chrm/Tloc      #.........   38%         2    ###....


Dungeon Overview and Level Annotations

Branches:
Dungeon (2/15)

Altars:


Innate Abilities, Weirdness & Mutations

You are resistant to damage.
You can recharge devices by infusing magical energy.
You passively map a small area around you.
You do not regenerate.


Message History

Found a stone staircase leading down.
You now have 64 gold pieces (gained 9).
Found a stone staircase leading up.
A frilled lizard comes into view.
The frilled lizard hisses angrily.
A frilled lizard is nearby!
A frilled lizard is nearby!
Casting: Shroud of Golubria
Confirm with . or Enter, or press ? or * to list all spells.
You begin infusing your attacks with magical energy.
Unknown command.
There is a stone staircase leading up here.
You closely miss the frilled lizard. The frilled lizard barely misses you.
The frilled lizard hisses.
The frilled lizard bites you but does no damage.
You closely miss the frilled lizard.
The frilled lizard bites you but does no damage.
You hit the frilled lizard.
You kill the frilled lizard!
Are you sure you want to abandon this character and quit the game? (Confirm with "yes".)

##.......#..........#.#
##..................#.#
.........#..........#.#
##.......#..........#.#
#........###########.#
*#........###########.#
, ................#.# .
...............># ## ,
.......@<#.###
###.....##.# #.....##.#
, #........# ** *
#......... *
#.......##* * #.......
, , , ....###.. *


There were no monsters in sight!

Vanquished Creatures
  2 oozes (D:1)
  A leopard gecko (D:1)
  2 giant cockroaches
  5 hobgoblins
  5 frilled lizards
  6 goblins (D:1)
  7 kobolds
  3 rats
31 creatures vanquished.

Notes
Turn   | Place    | Note
-------+----------+-------------------------------------------
     0 | D:1      | Alarkh the Deep Dwarf Skald began the quest for the Orb.
     0 | D:1      | Reached XP level 1. HP: 19/19 MP: 3/3
   170 | D:1      | Reached XP level 2. HP: 10/26 MP: 0/5
   702 | D:1      | Reached XP level 3. HP: 22/32 MP: 1/6
   706 | D:1      | Learned a level 2 spell: Shroud of Golubria
   713 | D:1      | Learned a level 3 spell: Spectral Weapon
  1050 | D:2      | Quit the game

Skill      XL: |  1  2 |
---------------+-------+-----
Spellcasting   | 2 |  2.2
Fighting       | 2 |  2.0
Axes           | |  2.9
Armour         | |  1.4
Dodging        | |  1.1
Charms         | |  2.9

Action                   || total
-------------------------++-------
Melee: Hand axe          ||    83
 Cast: Infusion          ||    21
       Shroud of Golubri ||     2
Evoke: Wand              ||     1
  Eat: Chunk             ||     1
Armor: Leather armour    ||    10
       Ring mail         ||     3
Dodge: Dodged            ||    35
